 Dungeon Crawl Stone Soup version 0.27.0-1-g7a089689b8 (webtiles) character file.

Game seed: 13687946991362722034

19 horus123 the Chiller (level 2, -3/19 HPs)
             Began as a Human Ice Elementalist on July 31, 2021.
             Slain by Terence (7 damage)
             ... on level 2 of the Dungeon on Aug 1, 2021.
             The game lasted 00:05:27 (1265 turns).

horus123 the Chiller (Human Ice Elementalist)       Turns: 1265, Time: 00:05:27

Health: -3/19      AC:  2    Str:  8    XL:     2   Next: 95%
Magic:  1/5        EV: 12    Int: 15    God:
Gold:   90         SH:  0    Dex: 13    Spells: 3/5 levels left

rFire    . . .     SeeInvis .   b - +2 whip (elec)
rCold    . . .     Faith    .   (no shield)
rNeg     . . .     Spirit   .   a - +0 robe
rPois    .         Reflect  .   (no helmet)
rElec    .         Harm     .   (no cloak)
rCorr    .         Rampage  .   (no gloves)
Will     .....                  (no boots)
Stlth    ++........             (no amulet)
HPRegen  0.06/turn              f - ring of flight
MPRegen  0.09/turn              (no ring)

@: flying
A: no striking features
a: no special abilities


You were on level 2 of the Dungeon.
You visited 1 branch of the dungeon, and saw 2 of its levels.

You collected 90 gold pieces.

Inventory:

Hand Weapons
 b - a +2 whip of electrocution (weapon)
Armour
 a - a +0 robe (worn)
Jewellery
 f - a ring of flight (left hand)
Wands
 g - a wand of iceblast (8)
Scrolls
 c - a scroll of identify {unknown}
 h - a scroll of immolation {unknown}
 j - a scroll of torment {unknown}
Potions
 d - a potion of flight {unknown}
 e - a potion of berserk rage {unknown}
 i - a potion of attraction {unknown}


   Skills:
 + Level 2.0 Dodging
 + Level 2.0 Stealth
 * Level 2.2 Spellcasting
 + Level 0.1 Conjurations
 + Level 0.2 Fire Magic
 + Level 4.5 Ice Magic


You had 3 spell levels left.
You knew the following spells:

 Your Spells              Type           Power      Damage    Failure   Level
a - Freeze                Ice            60%        1d8       3%          1
b - Foxfire               Conj/Fire      8%         2x1d4     21%         1

Your spell library contained the following spells:

 Spells                   Type           Power      Damage    Failure   Level
 Frozen Ramparts          Ice            30%        1d5       11%         3
 Ozocubu's Armour         Ice            15%        N/A       11%         3
 Conjure Flame            Conj/Fire      2%         6-21      52%         3
 Ignite Poison            Fire/Tmut/Pois 1%         N/A       54%         3
 Inner Flame              Hex/Fire       1%         N/A       54%         3
 Hailstorm                Conj/Ice       8%         3d4       63%         4
 Sticky Flame             Conj/Fire      2%         2d3       90%         4


Dungeon Overview and Level Annotations

Branches:
Dungeon (2/15)

Altars:

Annotations:
D:2 Terence


Message History

Casting: Foxfire (safe; 21% risk of failure)
Confirm with . or Enter, or press ? or * to list all spells.
You conjure some foxfire!
The foxfire hits Terence but does no damage.
The foxfire hits Terence but does no damage.
Casting: Foxfire (safe; 21% risk of failure)
Confirm with . or Enter, or press ? or * to list all spells.
You conjure some foxfire!
Casting: Foxfire (safe; 21% risk of failure)
Confirm with . or Enter, or press ? or * to list all spells.
You conjure some foxfire!
The foxfire hits Terence but does no damage.
The foxfire hits Terence.
Terence is lightly wounded.
The foxfire hits Terence but does no damage.
Terence is lightly wounded.
Your foxfire dissipates!
Terence shouts, "Now you die!" Terence says, "Did you write a will?
You should..."
Terence closely misses you. Terence closely misses you.
You freeze Terence.
Terence is moderately wounded.
Terence closely misses you.
You freeze Terence.
Terence is heavily wounded.
Terence hits you with a +0 trident!
You freeze Terence.
Terence is severely wounded.
Terence hits you with a +0 trident.
* * * LOW HITPOINT WARNING * * *
You are too injured to fight recklessly!
You are too injured to fight recklessly!
Aiming: Freeze (safe; 3% risk of failure)
Press: ? - help, Q - select action, (/) - cycle Shift-Dir - straight line, f/p - Terence
Aim: Terence, wielding a +0 trident and wearing a +0 chain mail (severely wounded)
You freeze Terence.
Terence is severely wounded.
Terence hits you with a +0 trident!
You die...

#.# #.#.#.#.#.#.#.# #.#
#.#.#...#.#.#.# ####.#
#.#.#.......#.# .....#
#.#.........#.#
.....######.###.###...#.#
...............@......#.#
....#######.#.#######.#.#
....+..........@......#.#
....#####..##...@.....#.#
....# #..##...........#
....# #..##..รท......###
.... #..##.........# ....
#..##.........# +#
#..##.........# .#
#..##.........# .#####
#..#..........# ......
............###


You could see Terence.

Vanquished Creatures
  A goblin (D:2)
  2 hobgoblins (D:1)
  4 jackals (D:2)
  A quokka (D:1)
  3 ball pythons
  2 bats (D:2)
  4 kobolds
  3 rats
20 creatures vanquished.

Vanquished Creatures (others)
  33 foxfires
33 creatures vanquished.

Grand Total: 53 creatures vanquished

Notes
Turn   | Place    | Note
-------+----------+-------------------------------------------
     0 | D:1      | horus123 the Human Ice Elementalist began the quest for the
                  | Orb.
     0 | D:1      | Reached XP level 1. HP: 13/13 MP: 3/3
   223 | D:1      | Reached XP level 2. HP: 19/19 MP: 0/5
   306 | D:1      | Learned a level 1 spell: Foxfire
   720 | D:2      | Found a faded altar of an unknown god.
  1217 | D:2      | Noticed Terence
  1265 | D:2      | Slain by Terence

Illustrated notes

Levels and vault maps discovered:
D:1:      lemuel_arrival_rhombus, layout_basic
D:2:      layout_basic, basic_ecumenical_altar, minmay_misc_feat_columns,
          uniq_terence

Action                   || total
-------------------------++-------
Melee: Whip              ||     2
 Cast: Freeze            ||    17
       Foxfire           ||    20
Armor: Robe              ||     3
Dodge: Dodged            ||    16
